AoeStats
← kenneth3011

Arabia

510227507Analyzed
1v1 RM · 1d ago on Sep 30, 2026· 34m 56s· 2 players
Game mode
Random Map
Map size
Tiny (2 player)
Population
200
Speed
Normal
Resources
Standard
Victory
Conquest
Starting age
Dark Age
Ending age
Imperial Age
RankedLock teamsTeams togetherTeam positionsShared explorationLock speedFull tech treeHidden civsTurbo modeCheats
Victory
Defeat
🇨🇴 Teutons · Colombia
1406
+17
🇺🇸 Franks · United States
1429
-17
kenneth3011
6:34 Loom
9:14 Feudal Age
9:45 Double-Bit Axe
11:06 Fletching
12:07 Forging
12:39 Wheelbarrow
13:35 Horse Collar
15:56 Town Watch
25:26 Castle Age
26:11 Bodkin Arrow
34:51 Guard Tower
35:22 Ballistics
AttiladaHun
3:45 Loom
11:00 Feudal Age
16:11 Castle Age
Connection lost

Rejoining the realm…

Still unreachable

The connection could not be restored.

Session expired

The server has moved on; the page needs a fresh start.